 Dungeon Crawl Stone Soup version 0.19-a0-1511-g16f215b (webtiles) character file.

35109 4thArraOfDagon the Fencer (level 13, -7/122 HPs)
             Began as a Minotaur Berserker on Sept 11, 2016.
             Was an Elder of Trog.
             Drowned by a drowned soul (15 damage)
             ... summoned by a merfolk avatar
             ... on level 6 of the Lair of Beasts.
             The game lasted 00:28:03 (4954 turns).

4thArraOfDagon the Fencer (Minotaur Berserker)      Turns: 4954, Time: 00:28:04

Health: -7/122     AC: 19    Str: 23    XL:     13   Next: 45%
Magic:  12/12      EV: 11    Int:  5    God:    Trog [****..]
Gold:   867        SH:  0    Dex: 11    Spells: 0 memorised, 12 levels left

rFire  . . .     SeeInvis .     A - +3 scimitar (elec)
rCold  . . .     Gourm    .     G - +0 plate armour
rNeg   . . .     Faith    .     (no shield)
rPois  +         Spirit   .     r - +2 hat
rElec  +         Dismiss  .     (no cloak)
rCorr  .         Reflect  .     (no gloves)
MR     ++...     Harm     +     L - +0 pair of boots
Stlth  ..........               B - amulet of harm
                                N - ring of flight
                                P - ring of poison resistance

@: lethally poisoned (-7 -> -10), flying, mesmerised, regenerating
A: retaliatory headbutt, hooves 1, horns 2, electricity resistance, weak 1,
subdued magic 1, sturdy frame 1
a: Berserk, Trog's Hand, Brothers in Arms, Burn Spellbooks, Renounce Religion,
Stop Flying


You were on level 6 of the Lair of Beasts.
You worshipped Trog.
Trog was greatly pleased with you.
You were hungry.

You visited 3 branches of the dungeon, and saw 19 of its levels.
You also visited: Ice Cave and Volcano.

You collected 1920 gold pieces.
You spent 1053 gold pieces at shops.

Inventory:

Hand Weapons
 a - a +0 falchion
 n - a +1 scimitar of flaming
 A - a +3 scimitar of electrocution (weapon)
 H - the +4 falchion of Tykkec {drain, +Blink rElec MP+9}
   (You bought it in a shop on level 2 of the Orcish Mines)

   A truly terrible weapon, it drains the life of those it strikes.
   It insulates you from electricity.
   It affects your magic capacity (+9).
   It lets you blink.
 O - a cursed +0 great sword
Missiles
 E - 18 javelins (quivered)
 M - 2 throwing nets
Armour
 b - a +0 animal skin
 h - a +0 scale mail
 r - a +2 hat (worn)
 u - a +3 ring mail of fire resistance
 w - a +0 chain mail
 z - a +1 chain mail of positive energy
 D - the +3 leather armour "Fuduepia" {-Cast rPois Int+2 Stlth+}
   (You found it on level 8 of the Dungeon)

   It affects your intelligence (+2).
   It protects you from poison.
   It prevents spellcasting.
   It makes you more stealthy.
 G - a +0 plate armour (worn)
 L - a +0 pair of boots (worn)
 V - an ice dragon hide
Magical Staves
 l - an uncursed staff of air {unknown}
Jewellery
 m - a +1 ring of protection
 t - an uncursed ring of protection from fire
 B - an amulet of harm (around neck)
 N - a ring of flight (right hand)
 P - a ring of poison resistance (left hand)
 Q - a cursed ring of resist corrosion
 U - an uncursed amulet of dismissal {unknown}
 W - a +4 ring of dexterity
 X - an uncursed ring of teleportation
 Y - an uncursed ring of fire
 Z - an uncursed ring of wizardry
Wands
 k - a wand of random effects (34/48)
 F - a wand of acid (8/15)
 T - a wand of acid (7/15)
Scrolls
 d - a scroll of recharging {unknown}
 g - 3 scrolls of identify
 j - a scroll of amnesia
 p - a scroll of blinking
 x - a scroll of remove curse
 y - a scroll of fog {unknown}
 C - a scroll of enchant weapon
Potions
 e - a potion of magic
 f - a potion of might {unknown}
 i - 2 potions of lignification {unknown}
 o - a potion of berserk rage {unknown}
 q - a potion of heal wounds {unknown}
 s - a potion of agility
 I - a potion of haste {unknown}
 R - a potion of resistance {unknown}
Books
 v - a book of Geomancy

   Spells                             Type                      Level
   a - Sandblast                      Earth                        1
   b - Passwall                       Transmutation/Earth          2
   c - Stone Arrow                    Conjuration/Earth            3
   d - Petrify                        Transmutation/Earth          4
   e - Lee's Rapid Deconstruction     Earth                        5
   Trog disapproves of the use of such an item.
 J - a book of Enchantments

   Spells                             Type                      Level
   a - Cause Fear                     Hexes                        4
   b - Yara's Violent Unravelling     Hexes/Transmutation          5
   c - Silence                        Hexes/Air                    5
   d - Deflect Missiles               Charms/Air                   6
   e - Haste                          Charms                       6
   f - Discord                        Hexes                        8
   Trog disapproves of the use of such an item.
 S - a book of Power

   Spells                             Type                      Level
   a - Fulminant Prism                Conjuration/Hexes            4
   b - Iskenderun's Mystic Blast      Conjuration                  4
   c - Venom Bolt                     Conjuration/Poison           5
   d - Bolt of Magma                  Conjuration/Fire/Earth       5
   e - Iron Shot                      Conjuration/Earth            6
   f - Orb of Destruction             Conjuration                  7
   g - Spellforged Servitor           Conjuration/Summoning        7
   Trog disapproves of the use of such an item.
Miscellaneous
 K - a phantom mirror
Comestibles
 c - 5 bread rations


   Skills:
 + Level 13.6 Fighting
 * Level 18.0 Long Blades
 + Level 13.2 Armour
 + Level 7.1 Dodging


You had 12 spell levels left.
You didn't know any spells.

Dungeon Overview and Level Annotations

Branches:
Dungeon (11/15)            Temple (0/1) D:4            Lair (6/6) D:11
  Snake (0/4) Lair:4          Orc (2/2) D:11
  Swamp: Lair:2-4    Shoals: Lair:2-4     Slime: Lair:5-6       Elf: Orc:2

Altars:
Trog
Uskayaw
Vehumet
Beogh

Shops:
D:6 [   D:7 (   Orc:2 *[:=(

Annotations:
D:5 Dowan, Duvessa
D:8 4thArraOfDagon's ghost, novice MiBe


Innate Abilities, Weirdness & Mutations

You reflexively headbutt those who attack you in melee.
You have a pair of horns on your head.
You have large cloven feet.
You are resistant to electric shocks. (rElec)
You are weak. (Str -2)
Your spells are a little easier to cast, but a little less powerful.
Your movements are slightly less encumbered by armour. (ER -2)


Message History

The merfolk avatar chants its luring song.
The drowned soul touches you. The drowned soul drowns you!
* * * LOW HITPOINT WARNING * * *
Unknown command.
Unknown command.
Unknown command.
Okay, then.
Unknown command.
You feel sick.
The merfolk avatar chants its luring song.
You see here 18 gold pieces.
Unknown command.
Unknown command.
Okay, then.
Unknown command.
Unknown command.
It was a potion of magic.
Magic courses through your body.
You feel sick.
The merfolk avatar chants its luring song.
The drowned soul touches you. The drowned soul drowns you!
You die...

≈≈P≈≈ ≈≈≈≈≈≈≈≈≈%.†... ≈≈#≈≈
≈≈≈≈P≈≈†≈†.....
####....########≈##.....
#8≈≈≈≈≈≈≈≈.#8P≈#%##.....
#≈≈≈#≈#≈≈≈≈#≈≈≈†≈≈≈.....
#≈≈≈≈≈≈#≈≈≈#≈≈≈#≈≈≈≈....
#≈≈≈≈≈≈≈≈≈≈#≈≈≈≈P##≈##.. .≈##P≈≈≈
#≈≈≈$/[)≈≈≈≈≈≈≈P≈#≈≈###. ..≈≈≈≈≈
#≈≈≈$≈W@≈≈≈≈≈.≈≈≈≈≈.≈ #. #≈≈y≈≈ #
.≈≈≈(Wm[≈P≈P≈P≈≈≈≈≈≈###.
P.#≈≈#≈#≈.≈≈≈:/%)≈≈≈≈≈≈P#≈##≈....
..≈≈≈≈≈P≈#≈≈≈≈≈≈≈≈≈≈#≈≈≈≈≈##.....
..≈≈≈≈≈≈≈#≈≈P≈≈P≈≈≈≈#≈≈≈≈≈P≈.....
#≈≈≈≈≈≈≈≈#≈≈≈≈≈≈≈≈≈≈#≈≈≈≈P≈P≈≈...
..##≈≈≈ #.≈≈≈≈≈P≈≈8#≈≈≈≈≈≈≈≈≈P..
..≈#≈####################≈≈≈≈≈.P.
..≈PP≈≈≈≈≈≈≈≈P≈≈≈≈≈≈≈≈≈≈≈≈≈≈≈....


You could see a merfolk avatar and 2 drowned souls.

Vanquished Creatures
  An orc warlord (Orc:2)
  A dire elephant (Lair:6)
  Harold (D:11)
  2 ice dragons (IceCv)
  A hydra (Lair:5)
  2 centaur warriors (D:11)
  An orc high priest (Orc:2)
  Nergalle (Orc:2)
  3 sea snakes (Lair:6)
  2 hill giants
  3 orc knights (Orc:2)
  2 orc sorcerers
  3 griffons (Lair:6)
  A manticore (Lair:6)
  3 cyclopes (D:11)
  Joseph (D:10)
  3 elephants (Lair:6)
  2 ice statues (IceCv)
  2 gargoyles (Volcano)
  3 rime drakes
  4 spiny frogs
  2 komodo dragons (Lair:6)
  An efreet (Volcano)
  A freezing wraith (D:11)
  2 trolls
  4 polar bears (Lair:6)
  4 blink frogs (Lair:5)
  9 yaks
  A shadow (D:11)
  A wraith (D:11)
  A vampire (D:11)
  A wyvern (Lair:6)
  7 fire bats
  A basilisk (D:11)
  3 hippogriffs
  Grum (D:11)
  2 mottled dragons (D:11)
  2 wargs (Orc:2)
  2 porcupines
  2 water moccasins
  A swamp drake (D:11)
  3 sky beasts
  15 ice beasts
  26 orc warriors
  2 phantoms
  3 wasps (Lair:6)
  2 centaurs
  A necrophage (D:11)
  4 ogres
  7 wolves
  11 crocodiles
  5 giant frogs
  2 scorpions
  4 wights (D:11)
  3 lava snakes (Volcano)
  5 crimson imps
  2 quasits
  14 orc priests
  3 jellies
  A centaur skeleton (D:11)
  5 iguanas
  17 orc wizards
  A hell rat (Lair:6)
  4 worker ants
  A howler monkey skeleton (D:5)
  4 adders
  2 shadow imps
  12 white imps (Lair:5)
  An adder skeleton (D:4)
  2 worms (D:4)
  2 dart slugs
  51 orcs
  A giant cockroach (D:3)
  2 goblins
  3 hobgoblins
  4 jackals
  A kobold (D:1)
  2 quokkas
  A bat (D:2)
  A giant gecko skeleton (D:5)
  3 giant newts
  A fire vortex (Volcano)
324 creatures vanquished.

Vanquished Creatures (others)
  2 hill giants (D:10)
  A yak (D:10)
  An orc warrior (D:10)
  2 ogres (D:10)
  A giant frog (D:10)
  A scorpion (D:10)
  An adder (D:10)
  A shadow imp (D:10)
  A giant gecko (D:10)
  2 fungi (Lair:6)
  6 plants (Lair:6)
19 creatures vanquished.

Grand Total: 343 creatures vanquished

Notes
Turn   | Place    | Note
-------+----------+-------------------------------------------
     0 | D:1      | 4thArraOfDagon the Minotaur Berserker began the quest for the Orb.
     0 | D:1      | Reached XP level 1. HP: 19/19 MP: 0/0
    30 | D:1      | Reached skill level 4 in Long Blades
    64 | D:2      | Reached XP level 2. HP: 21/27 MP: 1/1
   186 | D:3      | Reached XP level 3. HP: 31/33 MP: 2/2
   187 | D:3      | Reached ** piety under Trog
   299 | D:4      | Found a hide-covered altar of Uskayaw.
   307 | D:4      | Reached skill level 5 in Long Blades
   307 | D:4      | Reached XP level 4. HP: 24/40 MP: 3/3
   383 | D:4      | Found a staircase to the Ecumenical Temple.
   385 | D:4      | Turgon: oh
   387 | D:5      | Entered Level 5 of the Dungeon
   406 | D:5      | Turgon: !lg $p -log
   411 | D:5      | beem: 12350. 4thArraOfDagon, XL7 MiBe, T:584: http://crawl.xtahua.com/crawl/morgue/4thArraOfDagon/morgue-4thArraOfDagon-20160911-085031.txt
   423 | D:5      | Turgon: !lg $p -log -2
   429 | D:5      | beem: 12349/12350. 4thArraOfDagon, XL11 TrIE, T:3820: http://crawl.xtahua.com/crawl/morgue/4thArraOfDagon/morgue-4thArraOfDagon-20160911-084638.txt
   451 | D:5      | Noticed a phantom
   459 | D:5      | Reached XP level 5. HP: 47/47 MP: 4/4
   460 | D:5      | Noticed a sky beast
   472 | D:5      | Killed a phantom
   472 | D:5      | Reached skill level 6 in Long Blades
   477 | D:5      | Killed a sky beast
   477 | D:5      | Reached skill level 5 in Fighting
   477 | D:5      | Reached XP level 6. HP: 29/56 MP: 5/5
   506 | D:5      | Noticed Duvessa
   507 | D:5      | Noticed Dowan
   565 | D:6      | RI{P
   566 | D:6      | Turgon: Mangled by a small abomination (17 damage)
   578 | D:6      | Reached skill level 7 in Long Blades
   603 | D:6      | Reached XP level 7. HP: 28/61 MP: 6/6
   614 | D:7      | Found Vuck's Antique Weapon Emporium.
   632 | D:7      | Reached skill level 5 in Armour
   679 | D:6      | Found Ykyshrun's Antique Armour Emporium.
   790 | D:6      | Reached skill level 8 in Long Blades
   834 | D:7      | Bought a glowing scimitar for 112 gold pieces
   912 | D:8      | Got a transparent leather armour
   923 | D:8      | Identified the +3 leather armour "Fuduepia" {-Cast rPois Int+2 Stlth+} (You found it on level 8 of the Dungeon)
   973 | D:8      | Noticed 4thArraOfDagon's ghost (novice MiBe)
  1015 | D:8      | Turgon: haha
  1048 | D:9      | Noticed a hippogriff
  1057 | D:9      | Reached XP level 8. HP: 46/71 MP: 7/7
  1062 | D:9      | Reached skill level 9 in Long Blades
  1141 | D:10     | Entered Level 10 of the Dungeon
  1153 | D:10     | Noticed Joseph
  1165 | D:10     | Killed Joseph
  1177 | D:10     | Killed a hill giant
  1206 | D:10     | Reached skill level 10 in Long Blades
  1256 | D:10     | Killed a hill giant
  1363 | D:10     | Noticed a hill giant
  1368 | D:10     | Killed a hill giant
  1368 | D:10     | Reached XP level 9. HP: 81/81 MP: 8/8
  1482 | D:11     | Noticed a cyclops
  1488 | D:11     | Killed a cyclops
  1488 | D:11     | Reached skill level 11 in Long Blades
  1538 | D:11     | Found a staircase to the Lair.
  1648 | D:11     | Noticed Grum
  1653 | D:11     | Killed Grum
  1653 | D:11     | Reached skill level 12 in Long Blades
  1702 | D:11     | Noticed a hill giant
  1728 | D:11     | Noticed a cyclops
  1755 | D:11     | Noticed a centaur warrior
  1763 | D:11     | Killed a centaur warrior
  1763 | D:11     | Reached XP level 10. HP: 69/91 MP: 9/9
  1770 | D:11     | Noticed a cyclops
  1774 | D:11     | Killed a cyclops
  1774 | D:11     | Reached skill level 13 in Long Blades
  1824 | D:11     | Reached *** piety under Trog
  1838 | D:11     | Noticed Harold
  1856 | D:11     | Reached skill level 10 in Fighting
  1865 | D:11     | Killed Harold
  1875 | D:11     | Noticed a death knight
  1876 | D:11     | Noticed a skeletal warrior
  1907 | D:11     | Reached skill level 10 in Armour
  1921 | D:11     | Killed a hill giant
  1958 | D:11     | Reached skill level 14 in Long Blades
  1992 | D:11     | Noticed a centaur warrior
  2017 | D:11     | Killed a centaur warrior
  2017 | D:11     | Reached XP level 11. HP: 78/101 MP: 10/10
  2083 | D:11     | Gained mutation: Your spells are a little easier to cast, but a little less powerful. [mutagenic meat]
  2086 | D:11     | Gained mutation: Your movements are slightly less encumbered by armour. (ER -2) [mutagenic meat]
  2089 | D:11     | Gained mutation: You are weak. (Str -2) [mutagenic meat]
  2092 | D:11     | Gained mutation: You are resistant to electric shocks. (rElec) [mutagenic meat]
  2095 | D:11     | Gained mutation: You have large cloven feet. [mutagenic meat]
  2156 | D:11     | Found a radiant altar of Vehumet.
  2340 | D:11     | Found a staircase to the Orcish Mines.
  2400 | Orc:1    | Entered Level 1 of the Orcish Mines
  2400 | Orc:1    | Found a bloodstained altar of Trog.
  2513 | Orc:1    | Noticed an orc sorcerer
  2520 | Orc:1    | Killed an orc sorcerer
  2546 | Orc:1    | Reached skill level 15 in Long Blades
  2636 | Orc:2    | Entered Level 2 of the Orcish Mines
  2692 | Orc:2    | Found Bymi's Book Emporium.
  2732 | Orc:2    | Noticed an orc knight
  2751 | Orc:2    | Killed an orc knight
  2765 | Orc:2    | 4thArraOfDagon: ? riposte
  2765 | Orc:2    | 4thArraOfDagon: ?? riposte
  2765 | Orc:2    | beem: riposte[1/2]: New mechanic in 0.19. Long blades & the {fencer's gloves} give a 50% chance to retaliate when enemies miss you, giving you an automatic free attack. Monsters aren't cool enough to riposte.
  2776 | Orc:2    | Noticed an orc warlord
  2798 | Orc:2    | Killed an orc warlord
  2878 | Orc:2    | Noticed an orc knight
  2878 | Orc:2    | Noticed an orc high priest
  2881 | Orc:2    | Found a roughly hewn altar of Beogh.
  2882 | Orc:2    | Noticed Nergalle
  2886 | Orc:2    | Noticed an orc knight
  2889 | Orc:2    | Killed an orc high priest
  2893 | Orc:2    | Killed an orc knight
  2897 | Orc:2    | Noticed an orc sorcerer
  2899 | Orc:2    | FAIL
  2902 | Orc:2    | Noticed a spectral orc warlord
  3063 | Orc:2    | Killed an orc knight
  3063 | Orc:2    | Reached skill level 16 in Long Blades
  3063 | Orc:2    | Reached XP level 12. HP: 82/112 MP: 11/11
  3192 | Orc:2    | Turgon: ?? tstbtto
  3192 | Orc:2    | Killed Nergalle
  3193 | Orc:2    | beem: I don't have a page labeled tstbtto in my learndb.
  3236 | Orc:2    | tstbtto: WHAT
  3249 | Orc:2    | Found Oduo's Antique Armour Boutique.
  3265 | Orc:2    | Found Kadupput's General Store.
  3281 | Orc:2    | Found Vuimyidd's Jewellery Boutique.
  3298 | Orc:2    | Found Ecwoebuw's Antique Weapon Boutique.
  3299 | Orc:2    | Turgon: Well, as you are logging games
  3305 | Orc:2    | tstbtto: WHAT DID YOU WANT TRUGON
  3305 | Orc:2    | Bought a warped falchion for 312 gold pieces
  3321 | Orc:2    | Bought an uncursed ring of poison resistance for 340 gold pieces
  3321 | Orc:2    | Bought a cursed ring of resist corrosion for 289 gold pieces
  3323 | Orc:2    | Turgon: beem could have this information available
  3323 | Orc:2    | Identified the +4 falchion of Tykkec {drain, +Blink rElec MP+9} (You bought it in a shop on level 2 of the Orcish Mines)
  3392 | Orc:2    | Turgon: Games of Charly are already on youtube
  3470 | Lair:1   | Entered Level 1 of the Lair of Beasts
  3495 | Lair:2   | tstbtto: what do you want to know?
  3505 | Lair:2   | Turgon: So I guess 4thArra's games will be there as well
  3712 | Lair:4   | Found a dark tunnel.
  3723 | Volcano  | Entered a volcano
  3875 | Volcano  | tstbtto: actually I don't think so. I'd like to have them recorded but am too lazy to log onto my recording server, edit scripts to record 4th, upload all these videos...
  3884 | Volcano  | Found a radiant altar of Vehumet.
  3983 | Lair:5   | Found a frozen archway.
  4005 | Lair:5   | Reached skill level 5 in Dodging
  4009 | Lair:5   | Turgon: However, I had a short look at Charly's games on youtube
  4010 | Lair:5   | Reached **** piety under Trog
  4028 | IceCv    | Entered an ice cave
  4037 | IceCv    | Turgon: They are not shown in real time :-)
  4064 | IceCv    | Reached skill level 17 in Long Blades
  4222 | IceCv    | tstbtto: they would be very frustrating to watch with real time speed
  4297 | IceCv    | Turgon: but 4thArra's games could be :-)
  4317 | IceCv    | tstbtto: I like Charly's play but he is SO SLOW
  4325 | IceCv    | Noticed an ice dragon
  4329 | IceCv    | Noticed an ice dragon
  4334 | IceCv    | Killed an ice dragon
  4338 | IceCv    | Killed an ice dragon
  4348 | IceCv    | tstbtto: 4th, you are much more entertaining
  4360 | IceCv    | Turgon: Well, Charly likes thinking - unlike many other players...
  4474 | Lair:5   | tstbtto: I sure don't like thinking
  4481 | Lair:5   | Noticed a seven-headed hydra
  4482 | Lair:5   | tstbtto: TAB TAB TAB ZERK SPLAT RUN AGAIN
  4487 | Lair:5   | Killed a five-headed hydra
  4487 | Lair:5   | Reached XP level 13. HP: 122/122 MP: 12/12
  4513 | Lair:6   | Entered Level 6 of the Lair of Beasts
  4537 | Lair:6   | Turgon: !lg magipi -log
  4540 | Lair:6   | beem: 739. magipi, XL27 HaBe, T:124777: http://crawl.xtahua.com/crawl/morgue/magipi/morgue-magipi-20160909-133355.txt
  4544 | Lair:6   | magipi: go go!
  4578 | Lair:6   | Turgon: !lm magipi
  4582 | Lair:6   | beem: 12662. [2016-09-11 09:05:16] magipi the Charmwright (L7 MfIE of Fedhas) killed Natasha on turn 5899. (D:5)
  4616 | Lair:6   | Turgon: so MfIE is still alive
  4678 | Lair:6   | tstbtto: wow, it it Lair castle?
  4696 | Lair:6   | tstbtto: never seen one before
  4858 | Lair:6   | Noticed a dire elephant
  4868 | Lair:6   | Turgon: ?? water
  4871 | Lair:6   | beem: water[1/1]: See {deep water} or {shallow water}.
  4877 | Lair:6   | Killed a dire elephant
  4887 | Lair:6   | Turgon: ?? shallow water
  4888 | Lair:6   | beem: shallow water[1/2]: Waist-deep pools of water. Moving through this stuff is gonna be really slow! All but Ogre, Troll, Centaur, Gray draconian, Naga, Merfolk, or Octopode players in shallow water will fumble their attack 4-out-of-DEX times, and 20% of the time regardless as well. Monsters will fumble their attack 1/4 of the time.
  4943 | Lair:6   | Reached skill level 18 in Long Blades
  4954 | Lair:6   | 4thArraOfDagon: bye
  4954 | Lair:6   | Drowned by a drowned soul

Vault maps used:
D:1:      lightli_arrival_statuegarden
D:3:      led_sif_pool, uniq_natasha
D:4:      nicolae_overflow_crystal_walls, first_bread, serial_shops, shop,
          lightli_corner_chamber
D:5:      makhleb_heckhound_becter, kennysheep_crisscross, uniq_duvessa,
          uniq_eustachio
D:6:      kennysheep_spiral_hall, serial_shops, nicolae_shop_waterfront
D:7:      grunt_temple_overflow_open, marbit_many_paths, serial_shops,
          nicolae_shop_stone, okawaru_metal_pillars_1_2
D:8:      david_nohive_1, uniq_maurice
D:9:      basic_altar, serial_shops, nicolae_shop_stone
D:10:     xom_confusion_cloud, uniq_joseph
D:11:     hangedman_cross_cluster, lair_0_dummy, erik_orc_1, serial_shops, shop,
          uniq_grum, uniq_harold
Lair:2:   beast_lair_carwin_6
Lair:3:   minmay_shoals_entry_beasts, serial_bayou_shore_a, uniq_gastronok
Lair:4:   minmay_snake_entry_guardpost_small, nicolae_volcano_entry_batcave,
          grunt_forest_small_clearings, beast_lair_carwin_11, grunt_megastairs_4
Lair:5:   slime_dummy, portal_ice_cave_entry_imps, lemuel_fruit_tree,
          infiniplex_staircase_pool_2
Lair:6:   gammafunk_lair_ancient_temple, grunt_forest_large_clearings
Orc:1:    trog_butcher_becter
Orc:2:    grunt_orc_cross, serial_shops, shop_fountains
IceCv:    ice_cave_small_dragons
Volcano:  volcano_grotto

Skill      XL: |  1  2  3  4  5  6  7  8  9 10 11 12 13 |
---------------+----------------------------------------+-----
Long Blades    | 4 5 6 7 8 10 12 14 16 17 18 | 18.0
Fighting       | 4 5 6 8 9 10 12 13 | 13.6
Armour         | 3 4 5 7 9 10 11 12 13 | 13.2
Dodging        | 3 6 7 |  7.1

Action                   |  1- 3 |  4- 6 |  7- 9 | 10-12 | 13-15 || total
-------------------------+-------+-------+-------+-------+-------++-------
Melee: Falchion          |    24 |    72 |    56 |    42 |       ||   194
       Headbutt          |     6 |    16 |    28 |   103 |    35 ||   188
       Scimitar          |       |       |    86 |   518 |   114 ||   718
Invok: Berserk           |     1 |     1 |     6 |    15 |     3 ||    26
       Trog's Hand       |       |     2 |     6 |    39 |     4 ||    51
 Abil: Evoke Flight      |       |       |       |       |     2 ||     2
  Use: Scroll            |       |       |     2 |     9 |     2 ||    13
       Potion            |       |       |       |       |     1 ||     1
  Eat: Chunk             |       |     2 |    11 |    27 |     7 ||    47
       Beef jerky        |       |       |     1 |     2 |       ||     3
       Fruit             |       |       |       |     2 |       ||     2
       Pizza             |       |       |       |     2 |       ||     2
       Royal jelly       |       |       |       |     2 |       ||     2
       Bread ration      |       |       |       |     1 |       ||     1
Armor: Scale mail        |    10 |    15 |    30 |       |       ||    55
       Animal skin       |     1 |       |       |       |       ||     1
       Leather armour    |       |       |     4 |       |       ||     4
       Chain mail        |       |       |     2 |       |       ||     2
       Plate armour      |       |       |    22 |   243 |    42 ||   307
Dodge: Dodged            |    21 |    29 |    69 |   179 |    47 ||   345
